 Dungeon Crawl Stone Soup version 0.28-a0-514-g0d7ab7f379 (webtiles) character file.

Game seed: 16892063561917126870

44 siradein the Ducker (level 3, -3/28 HPs)
             Began as a Demonspawn Gladiator on Sept 22, 2021.
             Slain by Robin (7 damage)
             ... on level 2 of the Dungeon.
             The game lasted 00:04:08 (2024 turns).

siradein the Ducker (Demonspawn Gladiator)          Turns: 2024, Time: 00:04:09

Health: -3/28      AC:  3    Str: 14    XL:     3   Next: 41%
Magic:  3/3        EV: 12    Int:  9    God:
Gold:   33         SH:  0    Dex: 15    Spells: 2/2 levels left

rFire   . . .      SeeInvis .   a - +0 long sword
rCold   . . .      Faith    .   (no shield)
rNeg    . . .      Spirit   .   b - +0 leather armour
rPois   .          Reflect  .   (helmet restricted)
rElec   .          Harm     .   (no cloak)
rCorr   .          Rampage  .   (no gloves)
Will    +....                   (no boots)
Stlth   +.........              (no amulet)
HPRegen 0.09/turn               g - ring of willpower
MPRegen 0.08/turn               (no ring)

@: no status effects
A: horns 1
a: no special abilities


You were on level 2 of the Dungeon.
You visited 1 branch of the dungeon, and saw 2 of its levels.

You collected 33 gold pieces.

Inventory:

Hand Weapons
 a - a +0 long sword (weapon)
Missiles
 c - 6 stones
 d - 3 throwing nets (quivered)
Armour
 b - a +0 leather armour (worn)
Jewellery
 g - a ring of willpower (left hand)
Scrolls
 e - a scroll of vulnerability {unknown}
 h - 2 scrolls of identify {unknown}
Potions
 f - a potion of heal wounds {unknown}


   Skills:
 + Level 2.6 Fighting
 + Level 3.0 Long Blades
 + Level 2.3 Throwing
 + Level 3.1 Dodging


You had 2 spell levels left.
You didn't know any spells.
Your spell library contained the following spells:

 Spells                   Type           Power      Damage    Failure   Level
 Pain                     Necr           0%         1d4       45%         1
 Gell's Gravitas          Tloc           0%         N/A       83%         3
 Lesser Beckoning         Tloc           0%         N/A       83%         3
 Teleport Other           Tloc           0%         N/A       83%         3
 Agony                    Necr           0%         N/A       100%        5
 Excruciating Wounds      Necr           0%         N/A       100%        5


Dungeon Overview and Level Annotations

Branches:
Dungeon (2/15)

Altars:

Annotations:
D:2 Robin


Innate Abilities, Weirdness & Mutations

You have a pair of small horns on your head.


Message History

The goblin hits you with a +0 dagger.
Things that are here:
a +0 club; a goblin corpse You completely miss the goblin.
The goblin misses you.
You closely miss the goblin. Your headbutt misses the goblin.
The goblin misses you. The goblin barely misses you.
You hit the goblin.
You kill the goblin!
You see here a +0 dagger.
You start resting.
HP restored.
There is an open door, spattered with blood here.
Things that are here:
a +0 dagger; a +0 dagger
There is a stone staircase leading down here.
You climb downwards.
Level annotation: Robin
There is a stone staircase leading up, spattered with blood here.
You barely miss Robin. Robin misses you.
Robin hits you with a +0 mace of holy wrath.
You convulse.
You hit Robin.
Robin is lightly wounded.
Robin hits you with a +0 mace of holy wrath.
You convulse.
You hit Robin.
Robin is moderately wounded.
Robin barely misses you.
You slash Robin!
Robin is almost dead.
A ball python comes into view.
Robin hits you with a +0 mace of holy wrath.
You convulse.
You are too injured to fight recklessly!
You are too injured to fight recklessly!
There is a stone staircase leading up, spattered with blood here.
Robin hits you with a +0 mace of holy wrath!
* * * LOW HITPOINT WARNING * * *
You convulse!
You die...

.##. ....
####### ...#.
...... .....
##...##..#.##
####..<..#......
..............#
#......@g..#
..[........#
#..........#
...##...##... #.
#...# ..#.# .
..... .S..#
###... .... ####
S...


You could see Robin and a ball python (wandering).

Vanquished Creatures
  2 ball pythons (D:1)
  An endoplasm (D:1)
  A giant cockroach (D:1)
  13 goblins (D:1)
  5 hobgoblins (D:1)
  5 kobolds (D:1)
  A quokka (D:1)
  7 bats (D:1)
  2 frilled lizards (D:1)
37 creatures vanquished.

Notes
Turn   | Place    | Note
-------+----------+-------------------------------------------
     0 | D:1      | siradein the Demonspawn Gladiator began the quest for the
                  | Orb.
     0 | D:1      | Reached XP level 1. HP: 16/16 MP: 1/1
   408 | D:1      | Gained mutation: You have a pair of small horns on your
                  | head. [demonic ancestry]
   408 | D:1      | Reached XP level 2. HP: 22/22 MP: 2/2
  1255 | D:1      | Reached XP level 3. HP: 28/28 MP: 3/3
  1256 | D:2      | Noticed Robin
  2024 | D:2      | Slain by Robin

Illustrated notes

Levels and vault maps discovered:
D:1:      lightli_arrival_noodles, layout_loops_corners
D:2:      layout_loops_ring, basic_altar, hex_tiny, dk_noncrumbling_2,
          nrook_uturn, uniq_natasha, uniq_robin

Skill      XL: |  1  2 |
---------------+-------+-----
Throwing       | 2 |  2.3
Dodging        | 3 |  3.1
Long Blades    | 3 |  3.0
Fighting       | |  2.6

Action                   || total
-------------------------++-------
Melee: Long sword        ||   112
       Headbutt          ||    11
 Stab: Distracted        ||     1
Armor: Leather armour    ||    40
Dodge: Dodged            ||    89

Table legend: (Time is in decaauts)
 A = Elapsed time spent in this place.
 B = Non-inter-level travel time spent in this place.
 C = Inter-level travel time spent in this place.
 D = Time resting spent in this place.
 E = Time spent auto-exploring this place.
 F = Levels seen in this place.
 G = Mean time per level.
                   A        B        C        D        E       F      G
               +--------+--------+--------+--------+--------+-----+--------+
         Total |   2055 |   2036 |     19 |    563 |   1068 |   2 | 1027.5 |
       Dungeon |   2055 |   2036 |     19 |    563 |   1068 |   2 | 1027.5 |
               +--------+--------+--------+--------+--------+-----+--------+

Top non-repeatable levels by time:
     D:1: 2035 daAuts
     D:2: 19 daAuts
